cohdb
Replays
Latest Replays
All Replays
Popular Replays
Top Player Replays
Match Explorer
How It Works
Community
CoH3 Stats
Reddit
Sign in to upload your games and track your stats! →
Sign in with Steam
Match 45986170
Unlisted
Match 45986170
Overview
Messages
Build Orders
End
Scout Squad
Construct Barracks
Riflemen Squad
Selects Armored Battlegroup
Selects Veteran Crews
Riflemen Squad
Grenade Package
Riflemen Squad
Construct Medical Station
Infantry Support Center
Construct Motor Pool
Selects Strength in Steel
M8 Greyhound Armored Car
M1 Mortar Team
Selects M8 Scott SPG
M8 Scott SPG
M1 Mortar Team
M24 Chaffee Light Tank
Engineer Squad
Construct Tank Depot
Selects UNKNOWN (2160077)
Selects M31 Recovery Vehicle
M31 Recovery Vehicle
M4A3E8 Sherman Easy Eight
Selects War Machine
C. Troy
snip
Seven
mi prima de Cifuentes
0
0
Comments
sign in to comment!
No comments posted yet!